 Dungeon Crawl Stone Soup version 0.28.0-45-g0d030f2227 (webtiles) character file.

Game seed: 7928727078295908589

3360 dohliylev the Grappler (level 9, -1/84 HPs)
             Began as a Troll Warper on May 10, 2022.
             Was a Believer of Okawaru.
             Slain by a gnoll
             ... wielding a +0 halberd of freezing
              (2 damage)
             ... on level 7 of the Dungeon.
             The game lasted 00:18:15 (5876 turns).

dohliylev the Grappler (Troll Warper)               Turns: 5876, Time: 00:18:15

Health: -1/84      AC: 12    Str: 25    XL:     9   Next: 73%
Magic:  7/11       EV: 12    Int:  9    God:    Okawaru [**....]
Gold:   331        SH:  0    Dex: 15    Spells: 10/12 levels left

rFire   . . .      SeeInvis .     - Unarmed
rCold   . . .      Faith    .   (no shield)
rNeg    . . .      Spirit   .   z - +0 steam dragon scales
rPois   .          Reflect  .   (helmet restricted)
rElec   .          Harm     .   v - +0 cloak
rCorr   .          Rampage  .   (gloves unavailable)
Will    .....                   (boots unavailable)
Stlth   +.........              q - amulet of regeneration
HPRegen 1.84/turn               h - +4 ring of protection
MPRegen 0.12/turn               x - +6 ring of dexterity

@: lethally poisoned (-1 -> -2), slowed, very slow
A: large, unfitting armour, claws 3, regeneration 1, shaggy fur 1, tough skin 1
a: Renounce Religion, Heroism


You were on level 7 of the Dungeon.
You worshipped Okawaru.
Okawaru was pleased with you.
You visited 2 branches of the dungeon, and saw 8 of its levels.

You collected 331 gold pieces.

Inventory:

Hand Weapons
 s - a +4 falchion
Missiles
 m - a throwing net (quivered)
Armour
 v - a +0 cloak (worn)
 z - +0 steam dragon scales (worn)
Jewellery
 h - a +4 ring of protection (left claw)
 j - a ring of poison resistance
 q - an amulet of regeneration (around neck)
 w - a +6 ring of intelligence
 x - a +6 ring of dexterity (right claw)
Wands
 l - a wand of acid (14)
 n - a wand of iceblast (8)
 B - a wand of flame (23)
Scrolls
 a - 2 scrolls of summoning {unknown}
 c - a scroll of torment {unknown}
 d - 2 scrolls of amnesia {unknown}
 f - 6 scrolls of identify
 p - 3 scrolls of enchant weapon
 r - 2 scrolls of teleportation {unknown}
 y - a scroll of vulnerability {unknown}
Potions
 e - 2 potions of heal wounds {unknown}
 g - 4 potions of curing {unknown}
 i - 4 potions of mutation {unknown}
 k - a potion of magic {unknown}
 o - 4 potions of degeneration {unknown}
 t - a potion of lignification {unknown}
 u - a potion of resistance {unknown}
 A - a potion of attraction {unknown}


   Skills:
 + Level 3.6 Fighting
 + Level 1.4 Throwing
 + Level 5.4 Dodging
 + Level 10.6 Unarmed Combat
 + Level 2.2 Spellcasting
 + Level 3.9 Translocations


You had 10 spell levels left.
You knew the following spells:

 Your Spells              Type           Power      Damage    Failure   Level
a - Blink                 Tloc           16%        N/A       10%         2

Your spell library contained the following spells:

 Spells                   Type           Power      Damage    Failure   Level
 Gell's Gravitas          Tloc           8%         N/A       21%         3
 Lesser Beckoning         Tloc           8%         N/A       21%         3
 Teleport Other           Tloc           8%         N/A       21%         3
 Portal Projectile        Hex/Tloc       8%         N/A       41%         3
 Ensorcelled Hibernation  Hex/Ice        2%         N/A       45%         2
 Passwall                 Tmut/Erth      0%         N/A       45%         2
 Swiftness                Air            1%         N/A       69%         3
 Manifold Assault         Tloc           8%         N/A       88%         5
 Blade Hands              Tmut           0%         N/A       100%        5
 Excruciating Wounds      Necr           0%         N/A       100%        5


Dungeon Overview and Level Annotations

Branches:
Dungeon (7/15)             Temple (1/1) D:5

Altars:
Ashenzari
Cheibriados
Dithmenos
Fedhas
Gozag
Hepliaklqana
Kikubaaqudgha
Nemelex Xobeh
Okawaru
Qazlal
Trog
Uskayaw
Vehumet
Wu Jian
Xom
Yredelemnul
The Shining One
Lugonu


Innate Abilities, Weirdness & Mutations

You are too large for most types of armour.
You have claws for hands.
Your natural rate of healing is unusually fast.
You are covered in fur. (AC +1)
You have tough skin. (AC +1)


Message History

The orc wizard casts a spell.
The orc wizard flickers and vanishes!
Deactivating autopickup; reactivate with Ctrl-A.
The gnoll hits you from afar with a +0 halberd of freezing.
* * * LOW HITPOINT WARNING * * *
The gnoll freezes you.
* * * LOW HITPOINT WARNING * * *
Blink to where?
Press: ? - help, Dir - move target
As you read the scroll of blinking, it crumbles to dust.
The kobold brigand misses you.
A nearby plant withers and dies.
Your magical contamination has completely faded away.
The kobold brigand throws a curare-tipped dart.
The curare-tipped dart hits you.
You are poisoned.
You have difficulty breathing.
* * * LOW HITPOINT WARNING * * *
You feel yourself slow down.
You feel sick.
Something hits the plant.
The plant begins to die.
The gnoll hits the plant with a +0 spear.
The plant begins to die.
You feel sick.
The centaur unwields a +0 shortbow.
The centaur hits the plant.
The centaur kicks the plant.
The gnoll hits the plant with a +0 spear.
The gnoll hits you from afar with a +0 halberd of freezing.
* * * LOW HITPOINT WARNING * * *
The gnoll freezes you.
* * * LOW HITPOINT WARNING * * *
As you read the scroll labelled VYCOS WUIV, it crumbles to dust.
It is a scroll of identify.
p - 3 scrolls of enchant weapon You feel sick.
The centaur hits the plant.
The centaur kicks the plant.
The gnoll closely misses you.
The gnoll completely misses the plant.
Something hits the plant.
The centaur hits the plant.
The centaur kicks the plant.
The kobold brigand closely misses you.
The gnoll hits you from afar with a +0 halberd of freezing!
* * * LOW HITPOINT WARNING * * *
The gnoll freezes you.
You die...

##♣♣♣♣#######.# ##.#####$..#
#P♣.♣.♣#PP?..# ##..#♣♣♣#§.c#
..P♣.♣.P.# ###...#♣.♣c####
......P.## ##....##P♣.♣♣
.....P.#########...###♣....♣
.......P..'..))..###♣Pc....♣
.........))..)#.>#♣..♣o....♣#
.........)#...####g...Pg.)..#
.........)#####.@Kg...####..#
..####.P......P..g....'..#..#
..# +................#..#g.#
..# #.P.####...#'##..####..#
..####...+ #.).#..#.......≈#
.........# #..)#..#....≈≈≈≈#
.........####..)####....≈≈≈≈#
≈.........)......g......≈≈≈≈#
≈........≈≈....≈.g.§≈g≈≈.≈≈≈#


You could see an orc warrior, a kobold brigand, a centaur, a gnoll shaman and 3
gnolls.

Vanquished Creatures
  Prince Ribbit (D:6)
  Sigmund (D:4)
  Eustachio (D:4)
  A steam dragon (D:6)
  2 water moccasins
  An orc warrior (D:7)
  A sky beast (D:6)
  2 black bears
  A necrophage (D:6)
  An ogre (D:5)
  3 centaurs
  A kobold brigand (D:7)
  Blork the orc (D:5)
  2 bullfrogs (D:6)
  A scorpion (D:5)
  3 wights (D:5)
  A howler monkey (D:6)
  2 centaur zombies
  4 hounds
  A human zombie (D:5)
  2 jellies (D:5)
  2 bullfrog zombies (D:5)
  2 gnoll shamans
  Crazy Yiuf (D:5)
  7 orc priests
  Ijyb (D:4)
  3 iguanas
  Natasha (twice) (D:2)
  2 scorpion zombies (D:5)
  A hound zombie (D:5)
  2 mummies (D:5)
  A howler monkey zombie (D:6)
  18 gnolls
  5 adders
  A howler monkey skeleton (D:7)
  3 white imps
  An adder skeleton (D:5)
  An adder zombie (D:5)
  2 worms
  3 dart slugs
  10 orcs
  5 endoplasms
  13 goblins
  6 hobgoblins
  12 jackals
  A quokka (D:4)
  8 ball pythons
  3 bats
  4 frilled lizards
  8 kobolds
  4 rats
  A spectral kobold (D:3)
166 creatures vanquished.

Vanquished Creatures (others)
  An orc wizard (D:4)
  2 demonic plants (Temple)
  3 plants (D:7)
6 creatures vanquished.

Grand Total: 172 creatures vanquished

Notes
Turn   | Place    | Note
-------+----------+-------------------------------------------
     0 | D:1      | dohliylev the Troll Warper began the quest for the Orb.
     0 | D:1      | Reached XP level 1. HP: 19/19 MP: 1/1
   183 | D:1      | Reached XP level 2. HP: 27/27 MP: 2/2
   191 | D:1      | Learned a level 2 spell: Blink
   898 | D:2      | Noticed Natasha
   909 | D:2      | Noticed a crimson imp
   911 | D:2      | Noticed a crimson imp
   917 | D:2      | Killed Natasha
   918 | D:2      | Reached XP level 3. HP: 26/35 MP: 2/4
  1063 | D:2      | Noticed Natasha
  1076 | D:2      | Killed Natasha
  1077 | D:2      | Reached XP level 4. HP: 35/42 MP: 5/5
  1987 | D:3      | Reached skill level 3 in Unarmed Combat
  2077 | D:3      | Reached XP level 5. HP: 45/49 MP: 6/6
  2118 | D:3      | Found a broken altar of Ashenzari.
  2182 | D:3      | Found a hazy altar of Hepliaklqana.
  2537 | D:4      | Found an iron altar of Okawaru.
  2575 | D:4      | Noticed a black bear
  2586 | D:4      | Killed a black bear
  2587 | D:4      | Reached skill level 1 in Throwing
  2587 | D:4      | Reached skill level 4 in Unarmed Combat
  2587 | D:4      | Reached XP level 6. HP: 38/57 MP: 7/7
  2617 | D:4      | Noticed Ijyb
  2637 | D:4      | Killed Ijyb
  2637 | D:4      | HP: 2/57 [gnoll/+0 spear (2)]
  2675 | D:4      | Noticed Eustachio
  2740 | D:4      | Killed Eustachio
  2741 | D:4      | Reached skill level 5 in Unarmed Combat
  2938 | D:4      | Noticed Sigmund
  2954 | D:4      | Killed Sigmund
  2955 | D:4      | Reached XP level 7. HP: 53/66 MP: 8/8
  3343 | D:4      | Reached skill level 6 in Unarmed Combat
  3570 | D:5      | Entered Level 5 of the Dungeon
  3580 | D:5      | Found an opulent altar of Gozag.
  3588 | D:5      | Found an opulent altar of Gozag.
  3593 | D:5      | Found an opulent altar of Gozag.
  3651 | D:5      | Found an opulent altar of Gozag.
  3690 | D:5      | Found a blossoming altar of Fedhas.
  3723 | D:5      | Noticed Blork the orc
  3757 | D:5      | Killed Blork the orc
  3758 | D:5      | Reached XP level 8. HP: 47/74 MP: 8/10
  3823 | D:5      | Reached skill level 7 in Unarmed Combat
  3939 | D:5      | Found a staircase to the Ecumenical Temple.
  3990 | D:5      | Found a snail-covered altar of Cheibriados.
  4051 | Temple   | Entered the Ecumenical Temple
  4239 | D:4      | Became a worshipper of Warmaster Okawaru
  4323 | D:5      | Found a runed translucent door.
  4324 | D:5      | Noticed Crazy Yiuf
  4388 | D:5      | Found an ancient bone altar of Kikubaaqudgha.
  4441 | D:5      | Reached skill level 8 in Unarmed Combat
  4732 | D:5      | Killed Crazy Yiuf
  4732 | D:5      | Reached * piety under Okawaru
  4879 | D:6      | Reached XP level 9. HP: 83/83 MP: 11/11
  4940 | D:6      | Found a sparkling altar of Nemelex Xobeh.
  5134 | D:6      | Reached skill level 9 in Unarmed Combat
  5149 | D:6      | Noticed Prince Ribbit
  5174 | D:6      | Killed Prince Ribbit
  5215 | D:6      | Reached ** piety under Okawaru
  5216 | D:6      | Reached skill level 5 in Dodging
  5598 | D:7      | Found a radiant altar of Vehumet.
  5738 | D:7      | Reached skill level 10 in Unarmed Combat
  5876 | D:7      | HP: 1/84 [gnoll/+0 halberd of freezing (10)]
  5876 | D:7      | Slain by a gnoll

Illustrated notes

Levels and vault maps discovered:
D:1:      matt_arrival_grand_opening, layout_loops_corners
D:2:      layout_basic, uniq_natasha
D:3:      cheibrodos_greedy_goblins, layout_rooms,
          nicolae_hepliaklqana_monster_ancestors, lemuel_doored_altar,
          serial_bayou_crossing
D:4:      layout_gridville, kennysheep_okawaru_gauntlet, uniq_ijyb,
          uniq_sigmund, uniq_eustachio
D:5:      layout_basic, fedhas_ov_isle_minmay, slow_altar_1,
          lemuel_mausoleum_altar_kikubaaqudgha,
          nicolae_gozag_conspicuous_consumption, temple_hall,
          chequers_serial_rivers_micro_e, uniq_crazy_yiuf_cottage,
          uniq_blork_the_orc
D:6:      layout_loops_ring, mainiacjoe_overflow_catwalk,
          lightli_corner_chamber, uniq_prince_ribbit1
D:7:      kennysheep_seaside_town, layout_cave_pods,
          mainiacjoe_overflow_concentric_impassable
Temple:   corrupted_temple

Skill      XL: |  1  2  3  4  5  6  7  8  9 |
---------------+----------------------------+-----
Dodging        | 2 3 4 5 |  5.4
Translocations | 3 |  3.9
Unarmed Combat | 3 4 5 6 8 10 | 10.6
Fighting       | 2 3 |  3.6
Throwing       | 1 |  1.4
Spellcasting   | 2 |  2.2

Action                   |  1- 3 |  4- 6 |  7- 9 || total
-------------------------+-------+-------+-------++-------
Melee: Unarmed           |    70 |   190 |   312 ||   572
       Punch             |       |     7 |    20 ||    27
Throw: Boomerang         |       |     5 |       ||     5
 Cast: Blink             |       |     6 |     9 ||    15
Evoke: Wand              |       |       |     1 ||     1
  Use: Scroll            |       |       |     3 ||     3
Armor: Robe              |    10 |    87 |    68 ||   165
       Steam dragon scal |       |       |    23 ||    23
Dodge: Dodged            |    28 |    67 |   194 ||   289
